 Dungeon Crawl Stone Soup version 0.19.1 (webtiles) character file.

918 Darkmans the Protected (level 7, -2/87 HPs)
             Began as a Minotaur Fighter on Nov 30, 2016.
             Slain by an orc warrior
             ... wielding a +0 great sword
              (5 damage)
             ... on level 7 of the Dungeon.
             The game lasted 00:12:40 (4719 turns).

Darkmans the Protected (Minotaur Fighter)           Turns: 4719, Time: 00:12:41

Health: -2/87      AC: 23    Str: 22    XL:     7   Next: 83%
Magic:  6/6        EV:  2    Int:  7    God:
Gold:   241        SH:  9    Dex: 10    Spells: 0 memorised, 6 levels left

rFire  . . .     SeeInvis .     a - +0 long sword
rCold  . . .     Gourm    .     (armour currently unavailable)
rNeg   + + +     Faith    .     c - +0 shield
rPois  +         Spirit   .     (helmet currently unavailable)
rElec  .         Reflect  .     (cloak currently unavailable)
rCorr  .         Harm     .     (gloves currently unavailable)
MR     .....     NoTele   +     (boots currently unavailable)
Stlth  +.........               (no amulet)
                                (no ring)
                                x - +2 ring of intelligence

@: tree-form
A: (retaliatory headbutt), (horns 0)
a: no special abilities


You were on level 7 of the Dungeon.
You were not hungry.
You were a tree.
You visited 1 branch of the dungeon, and saw 5 of its levels.

You collected 241 gold pieces.

Inventory:

Hand Weapons
 a - a +0 long sword (weapon)
Missiles
 h - 2 throwing nets (quivered)
Armour
 b - a +0 scale mail
 c - a +0 shield (worn)
 k - a +1 pair of gloves (melded)
 r - a +0 cloak (melded)
 w - a +0 plate armour (melded)
Jewellery
 x - a +2 ring of intelligence (left branch)
Scrolls
 n - a scroll of teleportation
 s - a scroll of fear {unknown}
 t - a scroll of blinking
 u - a scroll of enchant weapon {unknown}
 v - 2 scrolls of random uselessness {unknown}
Potions
 i - a potion of cure mutation {unknown}
 j - a potion of curing {unknown}
 m - a potion of brilliance
 o - a potion of invisibility {unknown}
 q - a potion of cancellation {unknown}
Books
 p - the Papyrus of Feathery Fire
   (You found it on level 6 of the Dungeon)

   Spells                             Type                      Level
   a - Flame Tongue                   Conjuration/Fire             1
   b - Swiftness                      Charms/Air                   2
   c - Static Discharge               Conjuration/Air              3
   d - Inner Flame                    Hexes/Fire                   3
   e - Silence                        Hexes/Air                    5
   f - Bolt of Fire                   Conjuration/Fire             6
Comestibles
 d - 4 chunks of flesh
 f - 5 bread rations
 l - 3 meat rations


   Skills:
 - Level 3.9 Fighting
 + Level 7.9 Long Blades
 + Level 8.4 Armour
 - Level 3.6 Shields


You had 6 spell levels left.
You didn't know any spells.

Dungeon Overview and Level Annotations

Branches:
Dungeon (7/15)
 Temple: D:4-7

Altars:
Cheibriados
Ru

Annotations:
D:6 CanadianGator's ghost, novice GrGl


Innate Abilities, Weirdness & Mutations

((You reflexively headbutt those who attack you in melee.))
((You have a pair of horns on your head.))


Message History

You barely miss the orc warrior.
The orc warrior is lightly wounded.
The orc warrior hits you with a great sword.
* * * LOW HITPOINT WARNING * * *
You hit the orc warrior but do no damage.
The orc warrior is lightly wounded.
The orc warrior hits you but does no damage.
An orc warrior comes into view. It is wielding a great sword.
You hit the orc warrior but do no damage.
The orc warrior is lightly wounded.
The orc warrior barely misses you. You block the orc warrior's attack.
You slash the orc warrior!
The orc warrior is moderately wounded.
You block the orc warrior's attack.
The orc warrior hits you with a great sword.
* * * LOW HITPOINT WARNING * * *
You barely miss the orc warrior.
The orc warrior is moderately wounded.
The orc warrior hits you with a great sword.
You die...

#..........#....
#...............
........ ......
##.....##....?.
#.............
#..........#
#.......o..####
#....o>........
#...♣......##..
#..o..)....#
#..........#
#..........#
##+###.....#
#.###.# #.# .#
#.. .# ###


You could see 3 orc warriors.

Vanquished Creatures
  Eustachio (D:6)
  2 sky beasts (D:6)
  An ogre (D:7)
  2 bullfrogs
  Blork the orc (D:6)
  A howler monkey (D:6)
  Crazy Yiuf (D:3)
  A gnoll shaman (D:6)
  7 gnolls (D:6)
  7 adders
  An ooze (D:6)
  3 worms
  3 dart slugs
  4 leopard geckos
  7 orcs
  10 bats
  4 giant cockroaches
  5 goblins
  5 hobgoblins
  3 jackals (D:1)
  3 ball pythons
  A ball python skeleton (D:6)
  A ball python zombie (D:6)
  A frilled lizard (D:1)
  10 kobolds
  A quokka skeleton (D:6)
  8 rats
  A plant (D:6)
95 creatures vanquished.

Notes
Turn   | Place    | Note
-------+----------+-------------------------------------------
     0 | D:1      | Darkmans the Minotaur Fighter began the quest for the Orb.
     0 | D:1      | Reached XP level 1. HP: 19/19 MP: 0/0
    57 | D:1      | Reached XP level 2. HP: 22/27 MP: 1/1
   193 | D:1      | Reached skill level 4 in Armour
   786 | D:2      | Reached XP level 3. HP: 32/33 MP: 2/2
  1037 | D:2      | You fall through a shaft!
  1362 | D:3      | Found a runed door.
  1366 | D:3      | Noticed Crazy Yiuf
  1369 | D:3      | Killed Crazy Yiuf
  1369 | D:3      | Reached XP level 4. HP: 27/40 MP: 3/3
  1577 | D:3      | Reached skill level 5 in Armour
  2510 | D:3      | Reached XP level 5. HP: 42/46 MP: 4/4
  2603 | D:3      | Found a faded altar of an unknown god.
  2836 | D:3      | Reached skill level 5 in Long Blades
  2836 | D:3      | Reached skill level 6 in Armour
  3257 | D:3      | You fall through a shaft for 3 floors!
  3257 | D:6      | Found a snail-covered altar of Cheibriados.
  3309 | D:6      | Identified the Papyrus of Feathery Fire
  3363 | D:6      | Noticed a sky beast
  3391 | D:6      | Killed a sky beast
  3391 | D:6      | Reached XP level 6. HP: 33/52 MP: 5/5
  3536 | D:6      | Noticed a sky beast
  3546 | D:6      | Killed a sky beast
  3618 | D:6      | Reached skill level 7 in Armour
  3692 | D:6      | Reached XP level 7. HP: 58/58 MP: 6/6
  3843 | D:6      | Noticed Eustachio
  3844 | D:6      | Noticed Blork the orc
  3865 | D:6      | Killed Blork the orc
  3867 | D:6      | Killed Eustachio
  4050 | D:6      | Found a sacrificial altar of Ru.
  4261 | D:6      | Reached skill level 8 in Armour
  4321 | D:6      | Noticed CanadianGator's ghost (novice GrGl)
  4718 | D:7      | HP: 3/87 [orc warrior/great sword (3)]
  4719 | D:7      | Slain by an orc warrior

Skill      XL: |  1  2  3  4  5  6  7 |
---------------+----------------------+-----
Long Blades    | 3 4 5 6 7 |  7.9
Armour         | 4 5 6 7 8 |  8.4
Fighting       | |  3.9
Shields        | |  3.6

Action                   |  1- 3 |  4- 6 |  7- 9 || total
-------------------------+-------+-------+-------++-------
Melee: Long sword        |    93 |    35 |   116 ||   244
       Headbutt          |    14 |    28 |    29 ||    71
       Mace              |       |    86 |       ||    86
  Use: Scroll            |     3 |     4 |     1 ||     8
       Potion            |       |       |     2 ||     2
  Eat: Chunk             |     1 |     2 |     3 ||     6
       Meat ration       |       |     1 |       ||     1
       Beef jerky        |       |       |     1 ||     1
Armor: Scale mail        |    57 |    75 |       ||   132
       Plate armour      |       |    11 |    38 ||    49
       Skin              |       |       |     2 ||     2
Dodge: Dodged            |    30 |    39 |    11 ||    80
Block: Shield            |    58 |    70 |    21 ||   149
       Rpst.: Long sword |    11 |     1 |     5 ||    17
